Cogmind - Beta 16 @@@ ROGUE MODE // 2025.12.23 @ 01:17:07 Player: Yellow Fin Result: Destroyed by G-47 Trooper with Particle Gun Performance ------------- Evolutions (0) 0 Regions Visited (2) 400 Robots Destroyed (40) 200 Value Destroyed (752) 752 Prototype IDs (0) 0 Alien Tech Used (0) 0 Bonus (0) 0 TOTAL SCORE: 1352 Bonus ------- None Cogmind --------- Core Integrity 0/250 Matter 237/300 Energy 160/160 System Corruption 1% Temperature Warning (303) Movement Rolling (115) Ox1 Location -10/Mines Parts ------- > --- POWER (1) -------- Light Nuclear Core > --- PROPULSION (2) --- Compact Wheel > --- UTILITY (2) ------ Medium Storage Unit Signal Interpreter > --- WEAPON (2) ------- Beam Cannon Light Cannon > --- INVENTORY (10) --- Light Ion Engine Flight Unit Flight Unit Small Storage Unit Improved Terrain Scanner Terrain Scan Processor Light Armor Plating Light Cannon Rocket Launcher Mining Claw Peak State ------------ > --- POWER ------------ Light Nuclear Core > --- PROPULSION ------- Wheel Wheel > --- UTILITY ---------- Medium Storage Unit Signal Interpreter > --- WEAPON ----------- Beam Cannon Light Cannon > --- INVENTORY -------- Light Ion Engine Wheel Flight Unit Small Storage Unit Structural Scanner Improved Terrain Scanner Light Cannon Light Cannon Grenade Launcher Mining Laser [Rating: 10] Favorites ----------- Power Light Nuclear Core Engine Ion Engine Power Core Light Nuclear Core Propulsion Wheel Wheel Wheel Utility Medium Storage Unit Device Seismic Detector Storage Medium Storage Unit Processor Signal Interpreter Protection Light Armor Plating Weapon Light Cannon Energy Gun Medium Laser Energy Cannon Beam Cannon Ballistic Gun Assault Rifle Ballistic Cannon Light Cannon Special Weapon Mining Laser Slashing Weapon Mining Claw Build | -11 -10 -10 ------- Run | Yrd Mat Min Slots Evolved . | . . . Power . | . . . Propulsion . | . . . Utility . | . . . Weapon . | . . . Parts Attached 29 | 7 12 10 Power 5 | 1 2 2 Engine 3 | 1 2 . Core 2 | . . 2 Reactor . | . . . Propulsion 9 | 2 3 4 Treads . | . . . Leg . | . . . Wheel 9 | 2 3 4 Hover . | . . . Flight . | . . . Utility 6 | 2 2 2 Device 1 | 1 . . Storage 2 | 1 1 . Processor 2 | . 1 1 Hackware . | . . . Protection 1 | . . 1 Artifact . | . . . Weapon 9 | 2 5 2 Energy Gun 1 | 1 . . Energy Cannon 2 | . 1 1 Ballistic Gun 1 | 1 . . Ballistic Cannon 3 | . 3 . Launcher . | . . . Special Weapon 1 | . 1 . Impact Weapon . | . . . Slashing Weapon 1 | . . 1 Piercing Weapon . | . . . Special Melee Weapon . | . . . Unidentified Prototypes . | . . . Parts Lost 3 | . . 3 Power . | . . . Propulsion 1 | . . 1 Utility 1 | . . 1 Weapon 1 | . . 1 Highest Loss Streak 1 | . . 1 To Critical Strikes . | . . . Average Backups 8 | 3 8 9 Power . | . 1 1 Propulsion 1 | 1 2 1 Utility 2 | . 2 3 Weapon 3 | 1 3 3 Tool/Special . | . . . Unused Backups 14 | 2 2 10 Power 1 | . . 1 Propulsion 5 | 1 1 3 Utility 5 | 1 . 4 Weapon 3 | . 1 2 Tool/Special . | . . . Average Slot Usage (%) 98 | . 98 98 Engine 7 | . 13 2 Core 6 | . . 11 Wheel 27 | . 27 27 Device 2 | . 4 . Storage 14 | . 14 14 Processor 11 | . 9 12 Energy Cannon 11 | . 8 13 Ballistic Cannon 14 | . 16 13 Peak Build Rating 10 | 8 8 10 Average Rating 8 | 5 7 9 On Entrance 5 | . 8 8 Avg Prop Armor Cover (%) . | . . . Naked Turns . | . . . Heaviest Build 24 | 13 21 24 Greatest Support 26 | 20 20 26 Greatest Overweight (x) 3 | 3 3 1 Average Overweight (x) . | . . . Largest Inventory Capacity 10 | 8 10 10 Average Capacity 9 | 7 9 10 Most Carried 10 | 8 10 10 Average Carried 9 | 4 8 9 Final Capacity 10 | 8 10 10 Final Carried 10 | 8 8 10 Class Distribution -------------------- 100% | Mutant Dominant Class ---------------- Mutant | -10/Materials Mutant | -10/Mines Resources | -11 -10 -10 ----------- Run | Yrd Mat Min Matter Collected 952 | 297 388 267 Remotely . | . . . Salvage Created 928 | 190 289 449 Parts 75 | 19 17 39 Haulers Intercepted 2 | . 2 . Recyclers Shooed 1 | 1 . . Parts Field Recycled . | . . . Retrieved Matter . | . . . Parts Self-Destructed . | . . . Prevented . | . . . Parts Restored . | . . . Kills | -11 -10 -10 ------- Run | Yrd Mat Min Combat Hostiles Destroyed 25 | . 10 15 Cannons 25 | . 10 15 Classes Destroyed 10 | 2 5 3 Worker 1 | . . 1 Builder 5 | . 1 4 Tunneler 6 | 5 . 1 Hauler 2 | . 2 . Recycler 1 | 1 . . Operator 3 | . 3 . Swarmer 9 | . 6 3 Grunt 11 | . 4 7 Sentry 2 | . . 2 Assembled 3 | . . 3 Best Kill Streak 5 | 5 4 5 Combat Bots Only 5 | . 3 5 Max Kills in Single Turn 2 | 2 1 1 Gunslinging . | . . . Exploded . | . . . Melee . | . . . Uniques/NPCs Destroyed . | . . . Combat | -11 -10 -10 -------- Run | Yrd Mat Min Hostile Shots Fired 108 | . 32 76 Missed 29 | . 11 18 Hits 79 | . 21 58 Melee 2 | . . 2 Projectile 77 | . 21 56 Critical Strikes 3 | . . 3 Damage Taken 971 | . 210 761 Core 252 | . 40 212 Absorbed by Shields . | . . . Core Remaining (%) 100 | 100 . . Volleys Fired 103 | 9 37 57 Largest 2 | 2 2 2 Hottest 100 | 70 100 90 Shots Fired 200 | 18 73 109 Gun 18 | 18 . . Cannon 181 | . 72 109 Launcher . | . . . Special 1 | . 1 . Kinetic 117 | 9 52 56 Thermal 83 | 9 21 53 Explosive . | . . . Electromagnetic . | . . . Robot Hit Streak 14 | 8 14 13 Robot Miss Streak 5 | 2 5 4 Penetration Max . | . . . Secondary Targets . | . . . Shots Hit Robots 137 | 11 50 76 Core Hits 54 | 7 17 30 Critical Kills . | . . . Critical Parts Destroyed . | . . . Critical Strikes 3 | 1 2 . Burn 1 | 1 . . Blast 2 | . 2 . Melee Attacks 8 | . . 8 Impact . | . . . Slashing 8 | . . 8 Piercing . | . . . Sneak Attacks . | . . . Combat Hostiles . | . . . Follow-up Attacks . | . . . Damage Inflicted 2428 | 148 848 1432 Guns 148 | 148 . . Cannons 2280 | . 848 1432 Explosions . | . . . Melee . | . . . Ramming . | . . . Kinetic 1414 | 49 584 781 Thermal 1014 | 99 264 651 Explosive . | . . . Electromagnetic . | . . . Impact . | . . . Slashing . | . . . Piercing . | . . . Highest Corruption 1 | . . 1 Average Corruption 1 | . . 1 Corruption Purged . | . . . Corruption Blocked . | . . . Effects 1 | . . 1 Message Errors 1 | . . 1 Overload Shots . | . . . Overflow Damage 29 | . 29 . Projectiles 29 | . 29 . Explosions . | . . . Melee . | . . . Knockbacks 21 | . 16 5 Impact . | . . . Kinetic 17 | . 12 5 Secondary 4 | . 4 . Self-Inflicted Damage . | . . . Shots . | . . . Rammed . | . . . Targets Rammed . | . . . Kicked . | . . . Crushed . | . . . Highest Temperature 324 | 27 120 324 Average Temperature 81 | 11 38 108 Received Heat Transfer 333 | . 48 285 Effects 1 | . . 1 Energy Bleed 1 | . . 1 Siege Activations . | . . . Martial Activations . | . . . Shielding Activations . | . . . Robots Disrupted . | . . . Combat Hostiles . | . . . Robots Corrupted . | . . . Combat Hostiles . | . . . Parts Fried . | . . . Impact Corruptions . | . . . Robots Melted . | . . . Combat Hostiles . | . . . Parts Melted . | . . . Heat Transferred 2294 | 370 555 1369 Parts Sabotaged . | . . . Parts Stolen . | . . . Parts Stripped . | . . . Power Chain Reactions . | . . . Alert | -11 -10 -10 ------- Run | Yrd Mat Min Maximum Alert Level . | . . . Low Security (%) 100 | 100 100 100 Level 1 . | . . . Level 2 . | . . . Level 3 . | . . . Level 4 . | . . . Level 5 . | . . . High Security . | . . . Max Security . | . . . Peak Influence 122 | 20 122 104 Initial 3 | . 3 . Average 35 | 5 48 26 Influence Increases 662 | 30 306 326 Destroy 0b10 Robot/C 440 | . 200 240 Destroy 0b10 Robot/NC 90 | 30 30 30 Destroy Leader 84 | . 44 40 Disable Machine 30 | . 15 15 Destroy Structure 3 | . 2 1 Lose Combat Pursuer 15 | . 15 . Influence Decreases 636 | 25 311 300 Entered New Map 2 | . 2 . Time Decay 614 | 25 309 280 Lost Part 20 | . . 20 Squads Dispatched 2 | . 2 . Investigation . | . . . Extermination . | . . . Reinforcement 2 | . 2 . Assault . | . . . Garrison . | . . . Intercept . | . . . Searches Triggered . | . . . Construction Impeded . | . . . Haulers Reinforced . | . . . Active Scanning Responses . | . . . Cargo Convoy Interrupts . | . . . Stealth | -11 -10 -10 --------- Run | Yrd Mat Min Distress Signals 2 | . 2 . Communications Jammed . | . . . Distress Signals . | . . . Times Spotted 37 | . 21 16 Peak Tracking Total 5 | . 5 3 Tactical Retreats 2 | . 1 1 Traps | -11 -10 -10 ------- Run | Yrd Mat Min Traps Triggered 3 | . 3 . Indirectly . | . . . Trap Hack Attempts . | . . . Triggered . | . . . Disarmed . | . . . Reprogrammed . | . . . Reused . | . . . Traps Extracted . | . . . Installed . | . . . Triggered . | . . . Machines | -11 -10 -10 ---------- Run | Yrd Mat Min Machines Disabled 2 | . 1 1 Max in Single Turn 1 | . 1 1 Machines Repaired . | . . . Machines Dismantled . | . . . Machines Sabotaged . | . . . Overloaded Fab Kills . | . . . Hacking | -11 -10 -10 --------- Run | Yrd Mat Min Machines Accessed 2 | . 2 . Terminals 2 | . 2 . Fabricators . | . . . Repair Stations . | . . . Recycling Units . | . . . Scanalyzers . | . . . Garrison Access . | . . . Total Hacks 2 | . 2 . Successful . | . . . Failed 2 | . 2 . Catastrophic 2 | . 2 . Database Lockouts . | . . . Manual 2 | . 2 . Terminals 2 | . 2 . Fabricators . | . . . Repair Stations . | . . . Recycling Units . | . . . Scanalyzers . | . . . Garrison Access . | . . . Terminal Hacks . | . . . Fabricator Hacks . | . . . Repair Station Hacks . | . . . Recycling Unit Hacks . | . . . Scanalyzer . | . . . Garrison Access Hacks . | . . . Unauthorized Hacks . | . . . Terminals . | . . . Fabricators . | . . . Repair Stations . | . . . Recycling Units . | . . . Scanalyzers . | . . . Garrison Access . | . . . Data Cores Recovered 1 | . 1 . Used . | . . . Hacking Detections 2 | . 2 . Full Trace Events . | . . . Feedback Events . | . . . Feedback Blocked . | . . . Robot Schematics Acquired . | . . . Robots Built . | . . . Authchips . | . . . Time . | . . . Total Robot Build Rating . | . . . Part Schematics Acquired . | . . . Parts Built . | . . . Authchips . | . . . Time . | . . . Total Part Build Rating . | . . . Part Studies Acquired . | . . . Parts Repaired . | . . . Time . | . . . Parts Recycled . | . . . Recycled Matter . | . . . Retrieved Matter . | . . . Retrieved Components . | . . . Parts Scanalyzed . | . . . Part Schematics Acquired . | . . . Parts Damaged . | . . . Bothacking | -11 -10 -10 ------------ Run | Yrd Mat Min Used RIF Installer . | . . . Robots Hacked . | . . . Non-combat . | . . . Combat . | . . . Robot Hacks Applied . | . . . Relay Couplers Released . | . . . Fabnet Peak Effective % . | . . . Robots Rewired . | . . . Allies Hacked . | . . . Hacks Repelled . | . . . Allies | -11 -10 -10 -------- Run | Yrd Mat Min Total Allies . | . . . Largest Group . | . . . Highest-Rated Group . | . . . Highest-Rated Ally . | . . . Total Orders . | . . . Ally Attacks . | . . . Total Damage . | . . . Kills . | . . . Allies Corrupted . | . . . Allies Melted . | . . . Intel | -11 -10 -10 ------- Run | Yrd Mat Min Active Infowar (turns) 302 | 43 259 . Seismic 302 | 43 259 . Robot Analysis Total . | . . . Derelict Logs Recovered 2 | . . 2 Drone Launches . | . . . Drone Recoveries . | . . . Exploration | -11 -10 -10 ------------- Run | Yrd Mat Min Turns Passed 1758 | 94 783 881 Spaces Moved 1292 | 54 639 599 Core 18 | 17 1 . Treads . | . . . Legs . | . . . Wheels 1274 | 37 638 599 Hover . | . . . Flight . | . . . Fastest Speed 50 | 50 80 80 Average Speed 91 | 82 88 94 Slowest Speed 200 | 200 200 95 Overloaded Moves . | . . . Propulsion Burnouts . | . . . Robots Hopped . | . . . Potential Cave-ins . | . . . Cave-ins Triggered . | . . . Exploration Rate (%) 64 | 4 93 95 Regions Visited 2 Branch Regions 1 Pre-discovered Areas 2 | . . 2 Known Exits Taken 1 | . 1 . Unknown Exits Taken 1 | 1 . . Scrap Searched 2 | . . 2 Spaces Dug . | . . . Terrain Destroyed . | . . . Melee . | . . . Projectile . | . . . AOE . | . . . Terrain Rammed . | . . . Walls Destroyed . | . . . Machines Disabled . | . . . Actions | -11 -10 -10 --------- Run | Yrd Mat Min Total 1660 | 84 782 794 Wait 164 | . 68 96 Move 1290 | 53 638 599 Hop . | . . . Pick Up 35 | 13 12 10 Fast Attach 8 | 4 3 1 Attach 13 | 3 8 2 Detach . | . . . Swap 16 | . 7 9 Drop 23 | 2 9 12 Fire 103 | 9 37 57 Melee 8 | . . 8 Ram . | . . . Kick . | . . . Crush . | . . . Escape Stasis . | . . . Rewire . | . . . Trap . | . . . Miscellaneous . | . . . Route ------- -11/Scrapyard -10/Materials (discovered 4 exits: *Mat x2 / *Min x2) -10/Mines (discovered 3 exits: *Mat x2 / *Sub) History --------- Turn | Location | Event 21 | -11/Scrapyard | Discovered new exit (range 15) 95 | -11/Scrapyard | Entered Materials 309 | -10/Materials | Build established: Mutant 350 | -10/Materials | Discovered new exit (range 5) 356 | -10/Materials | Identified exit to Mines 385 | -10/Materials | Discovered exit to Mines (range 7) 413 | -10/Materials | Discovered new exit (range 9) 500 | -10/Materials | Identified exit to Materials 621 | -10/Materials | Discovered exit to Materials (range 16) 878 | -10/Materials | Entered Mines 882 | -10/Mines | Discovered exit to Materials (range 12) 1074 | -10/Mines | Found a hidden stash of uninstalled traps 1102 | -10/Mines | Learned location of Mines (-8) 1110 | -10/Mines | Received a Rocket Launcher from a helpful Derelict 1426 | -10/Mines | Learned location of Zion (-7) 1480 | -10/Mines | Discovered exit to Materials (range 9) 1612 | -10/Mines | Excavation squad dispatched 1612 | -10/Mines | A large section of the Mines collapsed 1618 | -10/Mines | Core integrity fell below 50% 1680 | -10/Mines | Discovered new exit (range 9) 1688 | -10/Mines | Identified exit to Subcaves 1748 | -10/Mines | Core integrity fell below 20% 1759 | -10/Mines | Destroyed by G-47 Trooper with Particle Gun Last Messages --------------- 01617_ System corrupted by crushing effect (+1). 01618_ as-77024 destroyed. 01619_ Acquired 4 matter. 01621_ as-53547 destroyed. 01622_ Acquired 4 matter. 01651_ as-99893 destroyed. 01654_ Acquired 2 matter. 01674_ Acquired Signal Interpreter. 01680_ EXIT=FOUND 01686_ T-07 Excavator is excavating. 01688_ EXIT=IDENTIFIED: SUBCAVES 01691_ %I10UW8FCV6/MXZC0T DEGE KS 01701_ T-07 Excavator is excavating. 01705_ Dropped Wheel. 01710_ T-07 Excavator is excavating. 01740_ G-34 Mercenary knocked back. 01744_ T-07 Excavator is excavating. 01746_ G-34 Mercenary destroyed. 01746_ G-47 Trooper knocked back. 01749_ Wheel destroyed. Map ----- +----------------------------------------------------+ | ?????###########??#### #????# #??? | | ?????????????????## #???## #??? | | ????????????????## ##??## #??? | | ???????????????## ##???# ##?? | | ??????????????## ##????# ### | | ??????????????# ###?????# | | ??????????????# ##???????## ### | | ?????????????## ##?????????# ##?? | | ????????????## ##??????????# #??? | | ????????????# ###???????????# ##??? | | ????????????# ##?????????????# ##???? | | ????????????# #??????????????#%#????? | | ????????????# #??????????????#%#????? | | ????????????# #??????????????# ####?? | | ????????????## ##?????????????#=*=!#?? | | ?????????????## ##???????? ##### #?? | | ??????###?????####### #???# #?? | | ?????##>####???## ## #????# #?? | | ?????# #####"%# ## ###????????# #?? | | ?????# ! #####" ###??????????# ### | | ?????# ##### ##???????????# | | ?????# # #??#%##???????????# ### | | ?????####### #### #???????????# #?? | | ?????????##! #???????????# #?? | | ????????## [ #???? #????# #?# | | ????????# @ %%###????? #????# ### | | ???????## ## %!#??????? ?????# ## | | ????#### ## g##?????? ??????# | | ???## # %#?????? ???????# | | ???# ## #????? ????????## | | ??## ### ##??? ??????????#### | | ??# =#### ##? #??????????????? | | ??# #### ## ## #???????????? | | ??## #### #???????????? | | ???####??# ####???????????? | | ?????????# #??????????????? | | ?????????## ! #####??????????????? | | ??????????###### ##??????????????????? | | ???????????????####???????????????????? | | ??????????????????????????????????????? | | ??????????????????????????????????????? | | | | | | | | | | | | | | | | | | | +----------------------------------------------------+ Best States ------------- Heat Dissipation 25 Energy Generation 14 Energy Capacity 250 Matter Stores 300 Matter Capacity 300 Sight Range 16 Terrain Scan Density 10 Armor Coverage 150 Evasion (%) 50 Item Schematics ----------------- None Robot Schematics ------------------ None Fabricated ------------ Nothing Repaired ---------- Nothing Studied --------- None Alien Tech Used ----------------- None Achievements -------------- None Challenges ------------ None Game ------ Seed NavigationNeutrinoDrive Manual? 0 Play Time 00:28:54 Cumulative 43.8 hours Start 2025.12.22 @ 19:21:14 End 2025.12.23 @ 01:17:07 Sessions 3 Manual Loads 0 Difficulty Rogue Special Mode None Game No. 13 Rogue 13 Adventurer 0 Explorer 0 Win Type - Total 0 Types 0/0/0/0/0/0/0/0/0/0 Lore% 10 Gallery% 20 Achievement% 21 Wizard Run 0 Options --------- Layout 1 ASCII 0 Keyboard 0 Movement Mouse Keybinds 0 Fullscreen 1 Font 24/Smallcaps Map View 50x35 Zoom Use 0% Tactical HUD 1 Map Filters NONE Filters NONE Steam 1 RUN: 36d70d2f-9aef-49d8-aace-d4989ffe5081